 Dungeon Crawl Stone Soup version 0.28-a0-32-g8dfe7f97f6 (webtiles) character file.

Game seed: 16332053716216655936

62 dracfodder the Cudgeller (level 4, 0/43 HPs)
             Began as a Gargoyle Berserker on July 27, 2021.
             Was a Believer of Trog.
             Slain by a hobgoblin (5 damage)
             ... led by Robin
             ... on level 2 of the Dungeon.
             The game lasted 00:07:58 (2107 turns).

dracfodder the Cudgeller (Gargoyle Berserker)       Turns: 2107, Time: 00:07:58

Health: 0/43       AC:  5    Str: 21 (22) XL:     4   Next: 8%
Magic:  4/4        EV:  9    Int:  4 (7)  God:    Trog [**....]
Gold:   33         SH:  7    Dex:  8 (9)  Spells: 3/3 levels left

rFire   . . .      SeeInvis .   a - +1 mace
rCold   . . .      Faith    .   g - +0 kite shield
rNeg    + . .      Spirit   .   b - +0 animal skin
rPois   ∞          Reflect  .   (no helmet)
rElec   +          Harm     .   (no cloak)
rCorr   .          Rampage  .   (no gloves)
Will    .....                   (no boots)
Stlth   ..........              (no amulet)
HPRegen 0.14/turn               (no ring)
MPRegen 0.09/turn               (no ring)

@: berserking (expiring), very quick
A: sickness immunity, AC +3, negative energy resistance 1, electricity
resistance, torment resistance 1, petrification resistance
a: Renounce Religion, Berserk, Trog's Hand


You were on level 2 of the Dungeon.
You worshipped Trog.
Trog was pleased with you.
You visited 1 branch of the dungeon, and saw 3 of its levels.

You collected 33 gold pieces.

Inventory:

Hand Weapons
 a - a +1 mace (weapon)
 h - a +0 hunting sling
Missiles
 c - 51 stones (quivered)
 d - 9 arrows
 i - 26 bolts
Armour
 b - a +0 animal skin (worn)
 g - a +0 kite shield (worn)
Potions
 f - a potion of ambrosia
 j - a potion of flight


   Skills:
 + Level 3.9 Fighting
 + Level 4.0 Maces & Flails
 + Level 2.2 Armour
 + Level 1.9 Dodging
 + Level 0.5 Stealth
 + Level 0.1 Shields


You had 3 spell levels left.
You didn't know any spells.
Your spell library was empty.

Dungeon Overview and Level Annotations

Branches:
Dungeon (3/15)

Altars:

Annotations:
D:2 Robin


Innate Abilities, Weirdness & Mutations

You are immune to sickness and miasma.
Your stone body is resilient. (AC +3)
You are immune to poison.
You resist negative energy. (rN+)
You are resistant to electric shocks. (rElec)
You are resistant to unholy torment.
You are immune to petrification.


Message History

You are too injured to fight recklessly!
You are too injured to fight recklessly!
Unknown command.
You are too injured to fight recklessly!
You closely miss the goblin. The hobgoblin hits you.
The goblin hits you but does no damage.
You sock the goblin!
You kill the goblin!
Trog accepts your kill.
The goblin no longer looks unusually strong.
You block the hobgoblin's attack. The hobgoblin hits you.
* * * LOW HITPOINT WARNING * * *
Your Maces & Flails skill increases to level 4!
You sock the goblin!
You kill the goblin!
Trog accepts your kill.
The goblin no longer looks unusually strong.
The hobgoblin hits you but does no damage.
The hobgoblin hits you.
* * * LOW HITPOINT WARNING * * *
Robin roars a battlecry!
The goblin goes into a battle-frenzy!
The hobgoblin hits you.
* * * LOW HITPOINT WARNING * * *
You sock the goblin!
You kill the goblin!
Trog accepts your kill. The hobgoblin hits you.
* * * LOW HITPOINT WARNING * * *
The hobgoblin hits you but does no damage.
The hobgoblin completely misses you.
You sock the hobgoblin!
You kill the hobgoblin!
Trog accepts your kill. The hobgoblin barely misses you.
Unknown command.
You closely miss the hobgoblin.
The hobgoblin hits you but does no damage.
The hobgoblin hits you.
You die...

#.#.#.#g#g..#
##........g..#
#.#.#.#.#.#..#
##.........!..#
#.#.#.#.#g#.#.#
##.............##
#.#.#.#.#.#.#g#.#
##..........ggg#
#.#.#.#.#.#.#@#
####..........gg##
....^.#.#.#.#.#g#
...............##
######
.....#.#.#.#.#.#
#...#.
.....##........#
#.....
.....####.##.#.#
#...#. .....#
#......# #.....
###### #####..#
#...#.


You could see 5 hobgoblins and 2 goblins.

Vanquished Creatures
  A worm (D:2)
  A dart slug (D:1)
  4 endoplasms
  4 giant cockroaches
  8 goblins
  5 hobgoblins
  4 jackals (D:1)
  3 kobolds
  4 quokkas
  5 ball pythons
  2 bats (D:1)
  5 frilled lizards
  4 rats
50 creatures vanquished.

Notes
Turn   | Place    | Note
-------+----------+-------------------------------------------
     0 | D:1      | dracfodder the Gargoyle Berserker began the quest for the
                  | Orb.
     0 | D:1      | Reached XP level 1. HP: 14/14 MP: 1/1
    13 | D:1      | Found a faded altar of an unknown god.
   143 | D:2      | Reached XP level 2. HP: 16/19 MP: 2/2
   964 | D:1      | Reached XP level 3. HP: 21/24 MP: 3/3
  1127 | D:2      | Reached ** piety under Trog
  2083 | D:2      | Noticed Robin
  2101 | D:2      | Reached XP level 4. HP: 29/29 MP: 4/4
  2104 | D:2      | Reached skill level 4 in Maces & Flails
  2107 | D:2      | Slain by a hobgoblin

Illustrated notes

Levels and vault maps discovered:
D:1:      saegor_arrival_simple_a, layout_loops_cross,
          hellmonk_ecumenical_altar_blasted, grunt_decor_resistance
D:2:      layout_basic, hex_medium, st_stairs_9, uniq_robin
D:3:      layout_loops_ring, amcnicky_altar_gilded, lemuel_crystal_altar,
          nicolae_dithmenos_shadow_blocks, overflow_temple_1_default,
          mainiacjoe_overflow_six_doors_small

Skill      XL: |  1  2  3  4 |
---------------+-------------+-----
Maces & Flails | 4 |  4.0
Fighting       | |  3.9
Armour         | |  2.2
Dodging        | |  1.9
Stealth        | |  0.5
Shields        | |  0.1

Action                   |  1- 3 |  4- 6 || total
-------------------------+-------+-------++-------
Melee: Mace              |   130 |     7 ||   137
Throw: Stone             |     4 |       ||     4
Invok: Berserk           |     3 |       ||     3
  Use: Scroll            |     3 |       ||     3
       Potion            |     1 |       ||     1
Armor: Animal skin       |    81 |     4 ||    85
Dodge: Dodged            |    93 |     2 ||    95
Block: Kite shield       |    37 |     2 ||    39

Table legend: (Time is in decaauts)
 A = Elapsed time spent in this place.
 B = Non-inter-level travel time spent in this place.
 C = Inter-level travel time spent in this place.
 D = Time resting spent in this place.
 E = Time spent auto-exploring this place.
 F = Levels seen in this place.
 G = Mean time per level.
                   A        B        C        D        E       F      G
               +--------+--------+--------+--------+--------+-----+--------+
         Total |   2173 |   2157 |     16 |    743 |    970 |   3 |  724.3 |
       Dungeon |   2173 |   2157 |     16 |    743 |    970 |   3 |  724.3 |
               +--------+--------+--------+--------+--------+-----+--------+

Top non-repeatable levels by time:
     D:1: 1653 daAuts
     D:2: 509 daAuts
     D:3: 10 daAuts
